 Dungeon Crawl Stone Soup version 0.14-a0-840-g06343e3 (webtiles) character file.

460 PolkaDot the Vexing (level 5, -2/35 HPs)
             Began as a Vampire Enchanter on Nov 13, 2013.
             Was a Follower of Makhleb.
             Slain by timbw's ghost (8 damage)
             ... on Level 4 of the Dungeon.
             The game lasted 00:08:38 (2298 turns).

PolkaDot the Vexing (Vampire Enchanter)             Turns: 2298, Time: 00:08:38

HP  -2/35        AC  3     Str  7      XL: 5   Next: 90%
MP   2/9         EV 12     Int 17      God: Makhleb [*.....]
Gold 207         SH  0     Dex 15      Spells:  2 memorised,  2 levels left

Res.Fire  : + . .   See Invis. : +   l - +1,+2 dagger (venom)
Res.Cold  : . . .   Warding    : .   b - +1 robe
Life Prot.: + . .   Conserve   : .   (no shield)
Res.Poison: .       Res.Corr.  : .   (no helmet)
Res.Elec. : .       Clarity    : .   (no cloak)
Sust.Abil.: + .     Spirit.Shd : .   (no gloves)
Res.Mut.  : .       Stasis     : .   (no boots)
Res.Rott. : .       Flight     : .   (no amulet)
Saprovore : . . .                    (no ring)
                                     j - ring of sustain abilities {unknown}

@: confused, slightly resistant to hostile enchantments, unstealthy
A: fangs 3, see invisible, fire resistance 1, unbreathing
a: Bat Form, Renounce Religion


You were on level 4 of the Dungeon.
You worshipped Makhleb.
Makhleb was aware of your devotion.
You were not thirsty.

You visited 1 branch of the dungeon, and saw 4 of its levels.

You collected 207 gold pieces.

Inventory:

Hand weapons
 l - a +1,+2 dagger of venom (weapon)
Missiles
 d - 12 darts (quivered)
Armour
 b - a +1 robe (worn)
Magical devices
 e - a wand of flame (0)
Scrolls
 a - a scroll of fog {unknown}
 f - a scroll of amnesia {unknown}
 g - 2 scrolls of enchant armour {unknown}
 i - 6 scrolls of remove curse {unknown}
 n - a scroll of recharging {unknown}
 o - a scroll of teleportation {unknown}
 p - 3 scrolls of identify {unknown}
 t - a scroll of fear {unknown}
Jewellery
 j - a ring of sustain abilities (left hand) {unknown}
Potions
 k - a potion of heal wounds {unknown}
 m - a potion of restore abilities
 r - a potion of cure mutation {unknown}
 s - a potion of invisibility {unknown}
 u - a potion of berserk rage {unknown}
 v - a potion of poison {unknown}
Books
 c - a book of Maledictions

   Spells                             Type                      Level
   *Corona                            Hexes                        1
   Sure Blade                         Hexes/Charms                 2
   Ensorcelled Hibernation            Hexes/Ice                    2
   *Confuse                           Hexes                        3
   Enslavement                        Hexes                        4
   Invisibility                       Hexes                        6


   Skills:
 + Level 4.0 Short Blades
 - Level 0.7 Throwing
 - Level 2.1 Dodging
 + Level 4.9 Stealth
 - Level 1.0 Spellcasting
 * Level 7.2 Hexes


You had 2 spell levels left.
You knew the following spells:

 Your Spells              Type           Power        Failure   Level  Hunger
A - Corona                Hex            ####...      1%          1    ##.....
C - Confuse               Hex            ####....     3%          3    ####...


Dungeon Overview and Level Annotations

Branches:
Dungeon (4/16)
 Temple: D:4-7

Altars:
Elyvilon
Makhleb
Sif Muna
Vehumet

Annotations:
D:4 timbw's ghost, average LOFi


Innate Abilities, Weirdness & Mutations

You have razor-sharp teeth.*
You have supernaturally acute eyesight.
You can survive without breathing.*
Your flesh is heat resistant.*+


Message History

It was a potion of confusion.
Timbw's ghost hits you!
* * * LOW HITPOINT WARNING * * *
Drink which item? (? for menu, Esc to quit)
Okay, then.
Drink which item? (? for menu, Esc to quit)
You feel refreshed.
It was a potion of restore abilities.
Timbw's ghost whispers, "Death doesn't hurt.
What you feel is life." Timbw's ghost hits you.
* * * LOW HITPOINT WARNING * * *
You see here an orcish club.
You hit timbw's ghost but do no damage.
Timbw's ghost is moderately damaged.
Timbw's ghost hits you.
* * * LOW HITPOINT WARNING * * *
Drink which item? (? for menu, Esc to quit)
You feel a sudden chill.
You feel fantastic!
It was a potion of beneficial mutation.
Timbw's ghost says, "I'll split you in two!"
Timbw's ghost hits you!
You die...

##+######
#.......#
#.......#
+.......#
#....)p.#
#..<..@.+
#.......#
##'######
#. ##


You could see timbw's ghost.

Vanquished Creatures
  A crimson imp (D:3)
  A worker ant (D:3)
  2 orc wizards (D:3)
  Terence (D:3)
  5 adders
  A giant mite (D:2)
  An inept feature mimic (D:2)
  2 worms
  4 orcs (D:3)
  11 goblins
  5 hobgoblins
  2 jackals (D:3)
  11 kobolds
  A quokka (D:3)
  12 bats
  3 giant newts
  3 rats
66 creatures vanquished.

Notes
Turn   | Place    | Note
--------------------------------------------------------------
     0 | D:1      | PolkaDot, the Vampire Enchanter, began the quest for the Orb.
     0 | D:1      | Reached XP level 1. HP: 13/13 MP: 4/4
   173 | D:1      | Reached XP level 2. HP: 19/19 MP: 5/5
   708 | D:2      | Reached XP level 3. HP: 11/24 MP: 6/6
   798 | D:2      | Reached skill level 5 in Hexes
   935 | D:2      | Learned a level 3 spell: Confuse
  1077 | D:2      | Found a white marble altar of Elyvilon.
  1104 | D:2      | Reached XP level 4. HP: 28/30 MP: 8/8
  1514 | D:3      | Reached skill level 6 in Hexes
  1724 | D:3      | Reached XP level 5. HP: 8/35 MP: 3/9
  1750 | D:3      | Found a radiant altar of Vehumet.
  1751 | D:3      | Found a burning altar of Makhleb.
  1761 | D:3      | Became a worshipper of Makhleb the Destroyer
  1791 | D:3      | Found a deep blue altar of Sif Muna.
  1866 | D:3      | Reached skill level 7 in Hexes
  2173 | D:3      | Noticed Terence
  2185 | D:3      | Killed Terence
  2277 | D:4      | Noticed timbw's ghost (average LOFi)
  2278 | D:4      | Acquired Makhleb's first power
  2298 | D:4      | Gained mutation: Your flesh is heat resistant. [potion of beneficial mutation]
  2298 | D:4      | Slain by timbw's ghost

Action                   |  1- 3 |  4- 6 || total
-------------------------+-------+-------++-------
Melee: Dagger            |   137 |   157 ||   294
 Cast: Confuse           |       |    16 ||    16
  Use: Potion            |     2 |     7 ||     9
 Stab: Sleeping          |     3 |     4 ||     7
       Confused          |       |     4 ||     4
